 Dungeon Crawl Stone Soup version 0.26-a0-259-g1effd001a9 (webtiles) character file.

Game seed: 10097906901925796101

98 1player the Ruffian (level 4, 0/44 HPs)
             Began as a Troll Chaos Knight on July 28, 2020.
             Was a Plaything of Xom.
             Succumbed to an orc wizard's poison
             ... on level 3 of the Dungeon.
             The game lasted 00:04:51 (1623 turns).

1player the Ruffian (Troll Chaos Knight)            Turns: 1623, Time: 00:04:53

Health: 0/44       AC:  9    Str: 21    XL:     4   Next: 43%
Magic:  3/3        EV: 10    Int:  8    God:    Xom [..*...]
Gold:   81         SH:  0    Dex:  9    Spells: 3/3 levels left

rFire    . . .     SeeInvis .     - Unarmed
rCold    . . .     Faith    .   (no shield)
rNeg     . . .     Spirit   .   a - +2 robe
rPois    .         Reflect  .   (helmet restricted)
rElec    .         Harm     .   k - +0 cloak
rCorr    .                      (gloves unavailable)
MR       .....                  (boots unavailable)
Stlth    +.........             (no amulet)
HPRegen  0.54/turn              (no ring)
MPRegen  0.08/turn              (no ring)

@: mighty, lethally poisoned (0 -> -11)
A: large, unfitting armour, claws 3, fast metabolism 1, regeneration 1, shaggy
fur 1, tough skin 3
a: Renounce Religion


You were on level 3 of the Dungeon.
You worshipped Xom.
You were a toy of Xom.
You were not hungry.

You visited 1 branch of the dungeon, and saw 3 of its levels.

You collected 81 gold pieces.

Inventory:

Armour
 a - a +2 robe (worn)
 k - a +0 cloak (worn)
 n - a +0 robe of cold resistance
Jewellery
 p - an uncursed ring of positive energy {unknown}
Scrolls
 l - a scroll of identify {@r1}
 m - a scroll of fog
Potions
 j - a potion of stabbing
 o - a potion of flight {unknown}
Comestibles
 e - 11 rations {!d}


   Skills:
 + Level 2.9 Fighting
 + Level 1.3 Throwing
 + Level 2.4 Dodging
 * Level 4.1 Unarmed Combat


You had 3 spell levels left.
You didn't know any spells.
Your spell library was empty.

Dungeon Overview and Level Annotations

Branches:
Dungeon (3/15)

Altars:
Ashenzari
Elyvilon
Fedhas
Kikubaaqudgha
Trog
Vehumet
Wu Jian

Annotations:
D:3 1 runed translucent door


Innate Abilities, Weirdness & Mutations

You are too large for most types of armour.
You have claws for hands.
You have a fast metabolism.
Your natural rate of healing is unusually fast.
You are covered in fur. (AC +1)
You have extremely tough skin. (AC +3)


Message History

You feel sick.
The orc wizard hits you with a +0 dagger of venom.
* * * LOW HITPOINT WARNING * * *
A leopard gecko comes into view.
You bump into the rock wall.
You feel less confused.
* * * LOW HITPOINT WARNING * * *
You feel sick.
The leopard gecko hisses angrily.
The orc wizard barely misses you.
You mangle the orc wizard!!
You kill the orc wizard!
Your Unarmed Combat skill increases to level 4!
* * * LOW HITPOINT WARNING * * *
You feel sick.
It was a potion of might.
You feel very mighty all of a sudden.
Xom is highly amused!
You die...
Xom titters!

.. ## ##.. .. ##.. ...#
#...#+ .. ...#
.#l###...# ...# #..
.........# #.... #..##..
..#...# #%.o. #.#..#
.....# #...o #....#
#...# #....
#######@######...# #....
....(.(.)oooo....###...#
#######5####.##....†...#
#..###.##....(....
#......##.....†...
#.#....##.........
#..(...#.##.(...!...
#.#.####.##########.
...# #.. .


You could see a white imp, 4 orcs and a leopard gecko.

Vanquished Creatures
  An orc wizard (D:3)
  An adder (D:1)
  3 dart slugs (D:1)
  5 orcs (D:3)
  A ball python (D:1)
  4 giant cockroaches
  6 goblins
  4 hobgoblins
  5 kobolds
  A quokka (D:2)
  10 bats
  A frilled lizard (D:2)
  10 rats
52 creatures vanquished.

Notes
Turn   | Place    | Note
-------+----------+-------------------------------------------
     0 | D:1      | 1player the Troll Chaos Knight began the quest for the Orb.
     0 | D:1      | Reached XP level 1. HP: 22/22 MP: 0/0
    29 | D:1      | XOM: silly message
   147 | D:1      | Reached XP level 2. HP: 29/29 MP: 1/1
   164 | D:1      | XOM: divination: detect items
   493 | D:1      | XOM: silly message
   668 | D:1      | Reached XP level 3. HP: 36/36 MP: 2/2
   730 | D:1      | Reached skill level 1 in Throwing
   764 | D:2      | Found an ornate altar of the Wu Jian Council.
  1304 | D:2      | Found a white marble altar of Elyvilon.
  1304 | D:2      | Found a bloodstained altar of Trog.
  1304 | D:2      | Found a radiant altar of Vehumet.
  1304 | D:2      | Found a blossoming altar of Fedhas.
  1310 | D:2      | Found a shattered altar of Ashenzari.
  1310 | D:2      | Found an ancient bone altar of Kikubaaqudgha.
  1459 | D:3      | Found a runed translucent door.
  1539 | D:3      | XOM: smoke on damage
  1577 | D:3      | Reached XP level 4. HP: 43/44 MP: 3/3
  1622 | D:3      | Reached skill level 4 in Unarmed Combat
  1622 | D:3      | HP: 1/44 [poisoned by an orc wizard]
  1623 | D:3      | Succumbed to an orc wizard's poison

Illustrated notes

Levels and vault maps discovered:
D:1:      minmay_arrival_diagonal_passages, layout_loops_corners
D:2:      layout_loops_ring, nicolae_overflow_crystal_walls,
          minmay_overflow_temple_hex, first_ration
D:3:      layout_rooms, portal_sewer_entry_c, ebering_ghost_sewer_d

Skill      XL: |  1  2  3  4 |
---------------+-------------+-----
Dodging        | 2 |  2.4
Throwing       | 1 |  1.3
Unarmed Combat | 4 |  4.1
Fighting       | |  2.9

Action                   |  1- 3 |  4- 6 || total
-------------------------+-------+-------++-------
Melee: Unarmed           |   131 |    16 ||   147
  Use: Scroll            |     5 |       ||     5
       Potion            |       |     1 ||     1
  Eat: Ration            |     1 |       ||     1
Armor: Robe              |    72 |     8 ||    80
Dodge: Dodged            |    84 |    12 ||    96

Table legend:
 A = Non-vault XP
 B = Vault XP
 C = Vault XP percentage of total XP
 D = Non-vault monster count
 E = Vault monster count
 F = Vault count percentage of total count
                 A         B        C        D         E       F
            +---------+---------+-------+---------+---------+-------
      Total |     140 |       0 |   0.0 |      52 |       0 |   0.0
            +---------+---------+-------+---------+---------+-------
        D:1 |      56 |       0 |   0.0 |      23 |       0 |   0.0
        D:2 |      28 |       0 |   0.0 |      20 |       0 |   0.0
        D:3 |      56 |       0 |   0.0 |       9 |       0 |   0.0
            +---------+---------+-------+---------+---------+-------
